PUBA
BROOKLYN SUPERBAS @ NORTH RIDGEVILLE RIVER BANDITS
04/26/1972
 
TOP OF THE 1ST
Brooklyn Superbas batting - Pitching for North Ridgeville River Bandits : RHP Ramiro Reyes
Pitching: RHP Ramiro Reyes
Batting: RHB Andrew Pearson 0-0: SINGLE (Line Drive, 3D, EV 102.5 MPH)
Batting: RHB Tom McDaniel 0-0: Ball
1-0: Foul Ball, location: 5F
1-1: Bunted foul
1-2: SINGLE (Line Drive, 34, EV 95.0 MPH)
Andrew Pearson to second
Runner from 2nd tries for 3rd, SAFE, throw by RF made to third
Batting: LHB Billy L Williams 0-0: Ball
1-0: Foul Ball, location: 2F
1-1: Swinging Strike
1-2: Foul Ball, location: 2F
1-2: Ball
2-2: Foul Ball, location: 3DF
2-2: Strikes out swinging
Batting: RHB Ken Cross 0-0: Ball
1-0: Ball
2-0: Called Strike
2-1: Foul Ball, location: 7LMF
2-2: Foul Ball, location: 7LMF
2-2: Strikes out swinging
Batting: RHB Cito Gaston 0-0: Ball
1-0: Foul Ball, location: 3F
1-1: Swinging Strike
1-2: Strikes out swinging
Top of the 1st over - 0 runs, 2 hits, 0 errors, 2 left on base; Brooklyn 0 - North Ridgeville 0
BOTTOM OF THE 1ST
North Ridgeville River Bandits batting - Pitching for Brooklyn Superbas : LHP Andre Hopkins
Pitching: LHP Andre Hopkins
Batting: LHB Jimmy Bishop 0-0: Ball
1-0: Foul Ball, location: 9LDF
1-1: Ball
2-1: SINGLE (Groundball, 4MD, EV 101.9 MPH)
Batting: RHB Jorge Roque 0-0: Called Strike
0-1: Called Strike
0-2: Ball
1-2: Ball
2-2: Strikes out swinging
Batting: LHB Masaharu Kobayashi 0-0: Ball
1-0: SINGLE (Groundball, 34D, EV 106.9 MPH)
Jimmy Bishop to second
Throwing error, E9
Jimmy Bishop scores
Masaharu Kobayashi to second
Batting: LHB Will Wilson 0-0: Ball
1-0: Fly out, F7 (Flyball, 78S, EV 89.4 MPH)
Batting: RHB Jack Hampton 0-0: Called Strike
0-1: Ball
1-1: Swinging Strike
1-2: Strikes out swinging
Bottom of the 1st over - 1 run, 2 hits, 1 error, 1 left on base; Brooklyn 0 - North Ridgeville 1
TOP OF THE 2ND
Brooklyn Superbas batting - Pitching for North Ridgeville River Bandits : RHP Ramiro Reyes
Batting: LHB Javier Martínez 0-0: Ball
1-0: Swinging Strike
1-1: Called Strike
1-2: Strikes out swinging
Batting: RHB Alejandro Luna 0-0: Called Strike
0-1: Ball
1-1: Foul Ball, location: 23FF
1-2: Ball
2-2: Foul Ball, location: 2F
2-2: Ground out 5-3 (Groundball, 56S, EV 71.3 MPH)
Batting: SHB Zachary Austin 0-0: Swinging Strike
0-1: Ball
1-1: Ball
2-1: Ball
3-1: Called Strike
3-2: Strikes out looking
Top of the 2nd over - 0 runs, 0 hits, 0 errors, 0 left on base; Brooklyn 0 - North Ridgeville 1
BOTTOM OF THE 2ND
North Ridgeville River Bandits batting - Pitching for Brooklyn Superbas : LHP Andre Hopkins
Batting: RHB Javier Costa 0-0: Swinging Strike
0-1: Ball
1-1: Swinging Strike
1-2: Strikes out swinging
Batting: LHB Rowland Office 0-0: Called Strike
0-1: Called Strike
0-2: Ball
1-2: Fly out, F7 (Flyball, 7S, EV 91.9 MPH)
Batting: LHB Jim Unknown 0-0: Foul Ball, location: 2F
0-1: Foul Ball, location: 9LSFF
0-2: Ball
1-2: SINGLE (Flyball, 8RS, EV 93.1 MPH)
Batting: RHB Jim Unknown 0-0: Ball
1-0: Called Strike
1-1: Foul Ball, location: 2F
1-2: SINGLE (Line Drive, 4M, EV 110.6 MPH)
Jim Unknown to second
Batting: LHB Jimmy Bishop 0-0: Swinging Strike
0-1: Swinging Strike
0-2: Strikes out swinging
Bottom of the 2nd over - 0 runs, 2 hits, 0 errors, 2 left on base; Brooklyn 0 - North Ridgeville 1
TOP OF THE 3RD
Brooklyn Superbas batting - Pitching for North Ridgeville River Bandits : RHP Ramiro Reyes
Batting: LHB Raúl Moreno 0-0: Ball
1-0: Called Strike
1-1: Foul Ball, location: 2F
1-2: Foul Ball, location: 7LDF
1-2: Strikes out swinging
Batting: RHB Andrew Pearson 0-0: Called Strike
0-1: Ball
1-1: Ball
2-1: Called Strike
2-2: Fly out, F8 (Flyball, 8LD, EV 91.3 MPH)
Batting: RHB Tom McDaniel 0-0: Foul Ball, location: 3F
0-1: SINGLE (Line Drive, 7S, EV 91.3 MPH)
Batting: LHB Billy L Williams 0-0: Ball
1-0: Swinging Strike
1-1: Ball
2-1: Ball
3-1: Base on Balls
Tom McDaniel to second
Batting: RHB Ken Cross 0-0: Ball
1-0: Foul Ball, location: 9LMF
1-1: Foul Ball, location: 9LSF
1-2: Ball
2-2: Fly out, F4 (Popup, 13S, EV 81.9 MPH)
Top of the 3rd over - 0 runs, 1 hit, 0 errors, 2 left on base; Brooklyn 0 - North Ridgeville 1
BOTTOM OF THE 3RD
North Ridgeville River Bandits batting - Pitching for Brooklyn Superbas : LHP Andre Hopkins
Batting: RHB Jorge Roque 0-0: Called Strike
0-1: Ground out 4-3 (Groundball, 4, EV 85.0 MPH)
Batting: LHB Masaharu Kobayashi 0-0: Ball
1-0: Foul Ball, location: 3F
1-1: Ball
2-1: SINGLE (Line Drive, 4MD, EV 95.6 MPH)
Batting: LHB Will Wilson 0-0: Ball
1-0: Called Strike
1-1: Foul Ball, location: 5F
1-2: Foul Ball, location: 3DF
1-2: Grounds into double play, 4-6-3 (Groundball, 34, EV 84.4 MPH)
Bottom of the 3rd over - 0 runs, 1 hit, 0 errors, 0 left on base; Brooklyn 0 - North Ridgeville 1
TOP OF THE 4TH
Brooklyn Superbas batting - Pitching for North Ridgeville River Bandits : RHP Ramiro Reyes
Batting: RHB Cito Gaston 0-0: Ball
1-0: Called Strike
1-1: Called Strike
1-2: Strikes out swinging
Batting: LHB Javier Martínez 0-0: Swinging Strike
0-1: Foul Ball, location: 7LDF
0-2: SINGLE (Groundball, 4MD, EV 103.1 MPH)
Batting: RHB Alejandro Luna 0-0: Ball
1-0: Fly out, F7 (Flyball, 7LD, EV 94.4 MPH)
Batting: SHB Zachary Austin 0-0: Ball
1-0: Ball
2-0: Ground out U3 (Groundball, 34S, EV 90.6 MPH)
Top of the 4th over - 0 runs, 1 hit, 0 errors, 1 left on base; Brooklyn 0 - North Ridgeville 1
BOTTOM OF THE 4TH
North Ridgeville River Bandits batting - Pitching for Brooklyn Superbas : LHP Andre Hopkins
Batting: RHB Jack Hampton 0-0: Ball
1-0: Called Strike
1-1: Foul Ball, location: 2F
1-2: Ball
2-2: Strikes out swinging
Batting: RHB Javier Costa 0-0: Called Strike
0-1: Ball
1-1: Ball
2-1: Called Strike
2-2: Ball
3-2: Fly out, F7 (Flyball, 78M, EV 98.8 MPH)
Batting: LHB Rowland Office 0-0: Called Strike
0-1: Ball
1-1: Ball
2-1: Foul Ball, location: 2F
2-2: SINGLE (Groundball, 34D, EV 107.5 MPH)
Batting: LHB Jim Unknown 0-0: Called Strike
0-1: Foul Ball, location: 7LSF
0-2: Ball
1-2: Ball
2-2: SINGLE (Flyball, 9, EV 88.1 MPH)
Rowland Office to second
Runner from 2nd tries for 3rd, SAFE, no throw by RF
Batting: RHB Jim Unknown 0-0: Called Strike
0-1: Foul Ball, location: 2F
0-2: Ball
1-2: Strikes out swinging
Bottom of the 4th over - 0 runs, 2 hits, 0 errors, 2 left on base; Brooklyn 0 - North Ridgeville 1
TOP OF THE 5TH
Brooklyn Superbas batting - Pitching for North Ridgeville River Bandits : RHP Ramiro Reyes
Batting: LHB Raúl Moreno 0-0: Ball
1-0: Ball
2-0: Fly out, F8 (Flyball, 8LD, EV 95.0 MPH)
Batting: RHB Andrew Pearson 0-0: Called Strike
0-1: Swinging Strike
0-2: Ball
1-2: Foul Ball, location: 2F
1-2: Ground out 5-3 (Groundball, 56S, EV 89.4 MPH)
Batting: RHB Tom McDaniel 0-0: Ball
1-0: Ball
2-0: Ball
3-0: Called Strike
3-1: Swinging Strike
3-2: Ground out 6-3 (Groundball, 56D, EV 95.6 MPH)
Top of the 5th over - 0 runs, 0 hits, 0 errors, 0 left on base; Brooklyn 0 - North Ridgeville 1
BOTTOM OF THE 5TH
North Ridgeville River Bandits batting - Pitching for Brooklyn Superbas : LHP Andre Hopkins
Batting: LHB Jimmy Bishop 0-0: Swinging Strike
0-1: Ball
1-1: Ball
2-1: Ball
3-1: Base on Balls
Batting: RHB Jorge Roque 0-0: Ball
1-0: Ball
2-0: Bunt missed!
2-1: Sac Bunt to 23 - play at first, batter safe!
Jimmy Bishop to second
Batting: LHB Masaharu Kobayashi 0-0: Called Strike
0-1: Hit by Pitch
Jimmy Bishop to third
Jorge Roque to second
Batting: LHB Will Wilson 0-0: Ball
1-0: Ball
2-0: Swinging Strike
2-1: Ball
3-1: Base on Balls
Jimmy Bishop scores
Jorge Roque to third
Masaharu Kobayashi to second
Pitching: RHP Joe Ives
Batting: RHB Jack Hampton 0-0: Called Strike
0-1: Ball
1-1: Ball
2-1: Called Strike
2-2: Foul Ball, location: 2RF
2-2: Foul Ball, location: 2F
2-2: Foul Ball, location: 5F
2-2: Strikes out swinging
Batting: RHB Javier Costa 0-0: Called Strike
0-1: Grounds into fielders choice 6-2 (Groundball, 56, EV 106.9 MPH)
Masaharu Kobayashi to third
Will Wilson to second
Batting: LHB Rowland Office 0-0: Ball
1-0: Called Strike
1-1: DOUBLE (Line Drive, 89M, EV 91.9 MPH)
Masaharu Kobayashi scores
Will Wilson scores
Javier Costa to third
Batting: LHB Jim Unknown 0-0: Foul Ball, location: 2F
0-1: Called Strike
0-2: Strikes out swinging
Bottom of the 5th over - 3 runs, 2 hits, 0 errors, 2 left on base; Brooklyn 0 - North Ridgeville 4
TOP OF THE 6TH
Brooklyn Superbas batting - Pitching for North Ridgeville River Bandits : RHP Ramiro Reyes
Batting: LHB Billy L Williams 0-0: Fly out, F8 (Flyball, 8LM, EV 98.1 MPH)
Batting: RHB Ken Cross 0-0: Called Strike
0-1: Called Strike
0-2: Ball
1-2: Foul Ball, location: 2LF
1-2: Ball
2-2: Ball
3-2: Strikes out swinging
Batting: RHB Cito Gaston 0-0: Ball
1-0: Hit by Pitch
Batting: LHB Javier Martínez 0-0: Swinging Strike
0-1: Foul Ball, location: 23FF
0-2: Ball
1-2: Ball
2-2: Strikes out looking
Top of the 6th over - 0 runs, 0 hits, 0 errors, 1 left on base; Brooklyn 0 - North Ridgeville 4
BOTTOM OF THE 6TH
North Ridgeville River Bandits batting - Pitching for Brooklyn Superbas : RHP Joe Ives
Batting: RHB Jim Unknown 0-0: Ball
1-0: Ball
2-0: Ball
3-0: Called Strike
3-1: Called Strike
3-2: Fly out, F8 (Line Drive, 8LD, EV 105.6 MPH)
Batting: LHB Jimmy Bishop 0-0: Swinging Strike
0-1: Ball
1-1: Swinging Strike
1-2: Ball
2-2: Ball
3-2: SOLO HOME RUN (Line Drive, 9D, EV 99.4 MPH), Distance : 395 ft
Batting: RHB Jorge Roque 0-0: Called Strike
0-1: Foul Ball, location: 25FF
0-2: Ball
1-2: Ground out 5-3 (Groundball, 56, EV 90.0 MPH)
Batting: LHB Masaharu Kobayashi 0-0: Ball
1-0: Ball
2-0: Ball
3-0: Called Strike
3-1: Called Strike
3-2: Fly out, F5 (Line Drive, 5, EV 71.3 MPH)
Bottom of the 6th over - 1 run, 1 hit, 0 errors, 0 left on base; Brooklyn 0 - North Ridgeville 5
TOP OF THE 7TH
Brooklyn Superbas batting - Pitching for North Ridgeville River Bandits : RHP Ramiro Reyes
Batting: RHB Alejandro Luna 0-0: Swinging Strike
0-1: Ball
1-1: Ball
2-1: Foul Ball, location: 9LSF
2-2: Ball
3-2: Base on Balls
Pitching: RHP Bob Johnson
Batting: SHB Zachary Austin 0-0: Foul Ball, location: 25F
0-1: Ball
1-1: Ball
2-1: Ball
3-1: Base on Balls
Alejandro Luna to second
Batting: LHB Raúl Moreno 0-0: Fly out, F8 (Flyball, 8RD, EV 80.0 MPH)
Batting: RHB Andrew Pearson 0-0: Ball
1-0: Ball
Alejandro Luna steals 3rd base
2-0: Foul Ball, location: 9LDF
2-1: Called Strike
2-2: Ball
3-2: Strikes out swinging
Batting: RHB Tom McDaniel 0-0: Ball
1-0: Called Strike
1-1: Fly out, F8 (Flyball, 8LM, EV 83.1 MPH)
Top of the 7th over - 0 runs, 0 hits, 0 errors, 2 left on base; Brooklyn 0 - North Ridgeville 5
BOTTOM OF THE 7TH
North Ridgeville River Bandits batting - Pitching for Brooklyn Superbas : RHP Joe Ives
Batting: LHB Will Wilson 0-0: Swinging Strike
0-1: Ground out 4-3 (Groundball, 4, EV 108.1 MPH)
Pinch Hitting: SHB Jim Unknown 0-0: Called Strike
0-1: Ball
1-1: Swinging Strike
1-2: Ball
2-2: Strikes out swinging
Pinch Hitting: RHB Jim Unknown 0-0: Ball
1-0: Hit by Pitch
Batting: LHB Rowland Office 0-0: 2-RUN HOME RUN (Flyball, 8RXD, EV 111.9 MPH), Distance : 451 ft
Pinch Hitting: RHB Jim Unknown 0-0: Foul Ball, location: 3FF
0-1: Called Strike
0-2: Foul Ball, location: 9LSF
0-2: Fly out, F8 (Flyball, 8RD, EV 108.8 MPH)
Bottom of the 7th over - 2 runs, 1 hit, 0 errors, 0 left on base; Brooklyn 0 - North Ridgeville 7
TOP OF THE 8TH
Brooklyn Superbas batting - Pitching for North Ridgeville River Bandits : RHP Bob Johnson
Now at 2B: Jim Unknown
Now at 3B: Jim Unknown
Now at SS: Jim Unknown
Batting: LHB Billy L Williams 0-0: Called Strike
0-1: Ball
1-1: Fly out, F6 (Popup, 6, EV 63.1 MPH)
Pinch Hitting: LHB Bobby Phillips 0-0: Swinging Strike
0-1: Ball
1-1: Ball
2-1: Ball
3-1: Foul Ball, location: 23F
3-2: Base on Balls
Batting: RHB Cito Gaston 0-0: Fly out, F9 (Flyball, 9, EV 92.5 MPH)
Pinch Hitting: RHB Richard Layard 0-0: Ball
1-0: Fly out, F8 (Flyball, 8LD, EV 104.4 MPH)
Top of the 8th over - 0 runs, 0 hits, 0 errors, 1 left on base; Brooklyn 0 - North Ridgeville 7
BOTTOM OF THE 8TH
North Ridgeville River Bandits batting - Pitching for Brooklyn Superbas : RHP Joe Ives
Now at 1B: Richard Layard
Now at 3B: Félix Chávez
Batting: RHB Jim Unknown 0-0: Swinging Strike
0-1: Swinging Strike
0-2: Strikes out swinging
Batting: LHB Jimmy Bishop 0-0: Fly out, F5 (Line Drive, 5, EV 68.1 MPH)
Pinch Hitting: RHB Jim Unknown 0-0: Swinging Strike
0-1: Ball
1-1: Foul Ball, location: 9LSF
1-2: Strikes out looking
Bottom of the 8th over - 0 runs, 0 hits, 0 errors, 0 left on base; Brooklyn 0 - North Ridgeville 7
TOP OF THE 9TH
Brooklyn Superbas batting - Pitching for North Ridgeville River Bandits : RHP Bob Johnson
Now at 1B: Jim Unknown
Batting: RHB Alejandro Luna 0-0: Ground out 6-3 (Groundball, 6MD, EV 96.3 MPH)
Batting: SHB Zachary Austin 0-0: Ball
1-0: Ball
2-0: Called Strike
2-1: Ball
3-1: Foul Ball, location: 2F
3-2: Base on Balls
Batting: LHB Raúl Moreno 0-0: Called Strike
0-1: Fly out, F6 (Line Drive, 6, EV 63.8 MPH)
Pinch Hitting: LHB Columbo Fields 0-0: Ground out U3 (Groundball, 3, EV 108.8 MPH)
Top of the 9th over - 0 runs, 0 hits, 0 errors, 1 left on base; Brooklyn 0 - North Ridgeville 7
Friday, March 1st , 2024 - OOTP Baseball 24.8 Build 75